Map: Tourmaline LE

Players

HoldTheDoor

  • Race: Protoss Protoss
  • League: Diamond
  • Spawn Location: 7:00

Danila - Winner!

  • Race: Terran Terran
  • League: Diamond
  • Spawn Location: 1:00

VOD

Have the link to the VOD?

Description

Time

  • Played on: May 11, 2026, 10:44 a.m.
  • Length: 15:00
Show
View Real Time Build Order
Export as new Build Order

HoldTheDoor Protoss 

Build Orders: 1 Gate Expand 

Get SALT Encoding   

  12  0:00  Probe  
  13  0:12  Probe  
  14  0:19  Pylon  
  14  0:24  Probe  
  15  0:33  Probe  
  15  0:40  Gateway  
  15  0:42  Probe  
  17  0:50  Assimilator  
  17  0:52  Probe  
  18  1:04  Pylon  
  18  1:05  Probe  
  19  1:17  Probe  
  19  1:30  Nexus  
  19  1:37  Cybernetics Core  
  19  1:39  Probe  
  20  1:46  Assimilator  
  20  1:55  Probe, Pylon  
  21  2:05  Adept  
  21  2:07  Probe  
  22  2:14  Warp Gate  
  24  2:19  Probe  
  25  2:28  Shield Battery  
  25  2:31  Probe  
  25  2:33  Sentry  
  28  2:43  Probe x2  
  30  2:57  Probe x2  
  32  3:09  Robotics Facility, Probe x2  
  32  3:10  Twilight Council  
  32  3:21  Shield Battery  
  32  3:22  Probe  
  32  3:25  Adept  
  35  3:28  Probe  
  35  3:34  Probe  
  37  3:36  Pylon  
  37  3:37  Charge  
  37  3:41  Probe  
  38  3:43  Gateway  
  38  3:45  Assimilator  
  38  3:49  Probe  
  38  3:54  Probe  
  40  4:02  Probe  
  41  4:04  Immortal  
  41  4:08  Zealot  
  47  4:11  Probe  
  48  4:18  Probe  
  48  4:22  Pylon  
  49  4:24  Assimilator  
  49  4:28  Gateway  
  49  4:31  Gateway  
  49  4:37  Zealot  
  51  4:39  Zealot  
  51  4:43  Observer  
  54  4:46  Probe  
  54  4:49  Probe  
  56  4:58  Probe  
  57  5:01  Robotics Bay, Probe  
  57  5:04  Pylon  
  58  5:07  Pylon  
  58  5:10  Probe  
  59  5:18  Stargate, Observer  
  59  5:20  Stalker  
  62  5:22  Pylon  
  62  5:24  Probe  
  62  5:27  Probe  
  64  5:33  Pylon  
  64  5:36  Probe  
  64  5:40  Stalker x2  
  64  5:41  Stalker  
  71  5:44  Observer  
  71  5:48  Blink  
  72  6:01  Probe x2  
  72  6:02  Colossus  
  80  6:12  Pylon  
  80  6:14  Pylon  
  80  6:19  Stalker  
  80  6:20  Stalker x2  
  76  6:36  Probe  
  77  6:46  Probe  
  78  6:48  Probe  
  78  6:53  Pylon  
  79  6:58  Probe  
  80  7:05  Forge  
  80  7:06  Extended Thermal Lance  
  80  7:11  Phoenix  
  82  7:23  Stalker x4  
  90  7:54  Nexus  
  90  7:55  Probe  
  90  7:56  Pylon  
  91  8:00  Photon Cannon  
  91  8:02  Probe  
  91  8:03  Photon Cannon  
  92  8:06  Stalker  
  92  8:07  Photon Cannon  
  93  8:13  Photon Cannon  
  91  8:28  Probe  
  92  8:35  Photon Cannon  
  92  8:36  Probe, Protoss Ground Weapons Level 1  
  92  8:39  Phoenix  
  95  8:44  Probe  
  96  8:49  Photon Cannon  
  96  8:52  Probe  
  97  9:04  Photon Cannon  
  97  9:07  Probe x2  
  97  9:08  Probe  
  97  9:09  Photon Cannon  
  100  9:11  Pylon  
  100  9:19  Probe  
  101  9:39  Stalker x4  
  101  9:44  Warp Prism  
  111  9:46  Phoenix  
  113  9:57  Fleet Beacon  
  113  10:00  Pylon  
  113  10:02  Assimilator  
  113  10:03  Pylon  
  113  10:05  Assimilator  
  113  10:06  Stargate  
  113  10:08  Stargate  
  111  10:18  Stalker  
  111  10:19  Stalker x3  
  114  10:29  Probe x2  
  116  10:37  Photon Cannon  
  116  10:38  Pylon  
  116  10:40  Probe, Photon Cannon  
  107  10:54  Zealot x2  
  107  10:55  Zealot x2  
  115  11:00  Protoss Ground Armor Level 1  
  101  11:26  Carrier  
  101  11:31  Carrier  
  101  11:32  Carrier  
  119  11:38  Zealot  
  119  11:39  Zealot x3  
  125  12:00  Zealot x4  
  85  12:21  Zealot x3  
  85  12:22  Zealot  
  71  12:39  Carrier  
  71  12:41  Stalker x2  
  71  12:42  Stalker x2  
  85  12:57  Probe x2  
  85  12:58  Probe  
  84  13:08  Gateway  
  84  13:11  Immortal, Gateway  
  88  13:13  Gateway  
  88  13:20  Gateway  
  88  13:23  Gateway  
  88  13:24  Gateway  
  88  13:28  Templar Archives, Tempest  
  92  13:36  Probe  
  92  13:38  Probe  
  94  13:41  Shield Battery  
  94  13:44  Probe  
  94  13:53  Stalker x3  
  100  14:08  Photon Cannon  
  96  14:37  Pylon  
  96  14:38  Zealot  
  104  14:42  Pylon  
  104  14:45  Probe  
  105  14:46  Pylon  
  105  14:51  Pylon  
Show
View Real Time Build Order
Export as new Build Order

Danila Terran - Winner!

Build Orders: Liberator Opening 

Get SALT Encoding   

  12  0:01  SCV  
  13  0:13  SCV  
  14  0:17  Supply Depot  
  14  0:25  SCV  
  15  0:30  Refinery  
  15  0:39  SCV  
  16  0:45  Barracks  
  16  0:51  SCV  
  17  0:59  Supply Depot  
  17  1:05  SCV  
  18  1:31  SCV  
  18  1:32  Refinery  
  19  1:34  Marine  
  20  1:40  Factory  
  20  1:51  Orbital Command  
  20  1:53  Barracks Tech Lab  
  20  2:18  SCV  
  21  2:30  SCV  
  21  2:32  Starport, Siege Tank  
  25  2:42  SCV  
  26  2:48  Barracks Reactor, Supply Depot  
  25  2:54  SCV  
  26  3:06  SCV  
  27  3:20  Starport Reactor  
  27  3:27  SCV  
  28  3:33  Command Center  
  28  3:39  SCV  
  29  3:45  Marine  
  29  3:46  Supply Depot  
  30  3:54  SCV  
  30  3:55  Engineering Bay  
  31  3:57  Liberator x2  
  37  4:09  SCV  
  38  4:10  Bunker  
  38  4:12  Marine x2  
  40  4:25  SCV  
  40  4:30  Supply Depot, Missile Turret  
  41  4:34  Siege Tank  
  41  4:37  SCV  
  45  4:41  Supply Depot  
  45  4:51  Missile Turret  
  45  4:54  Orbital Command  
  45  4:58  Missile Turret  
  45  5:11  Marine x2  
  45  5:12  SCV  
  48  5:23  SCV, Missile Turret  
  48  5:24  Missile Turret, SCV  
  50  5:35  SCV  
  51  5:36  SCV  
  51  5:39  Marine x2, Siege Tank  
  51  5:40  Refinery  
  57  5:47  Barracks  
  57  5:48  SCV x2  
  57  5:49  Missile Turret  
  59  5:50  Missile Turret  
  59  5:58  Refinery  
  59  6:00  SCV, Marine x2  
  59  6:01  SCV  
  63  6:12  SCV  
  63  6:13  SCV  
  65  6:20  Siege Tank, Marine  
  65  6:21  Marine  
  65  6:25  SCV x2  
  69  6:33  Liberator x2  
  69  6:37  SCV x2  
  69  6:38  Marine  
  69  6:39  Barracks Tech Lab  
  78  6:43  Marine  
  79  6:56  Marine  
  79  6:57  Siege Tank, Command Center  
  83  7:06  Sensor Tower  
  83  7:10  Terran Infantry Weapons Level 1  
  83  7:11  Sensor Tower, Stimpack  
  83  7:13  Missile Turret  
  83  7:15  SCV x2  
  85  7:17  Barracks  
  85  7:27  Engineering Bay, SCV  
  86  7:32  Marine, Siege Tank, SCV  
  91  7:39  SCV  
  92  7:49  Viking x2  
  92  7:50  Marine  
  94  7:59  Terran Infantry Armor Level 1  
  94  8:09  Marine x2, Siege Tank  
  99  8:16  Barracks Reactor  
  99  8:19  Medivac x2  
  100  8:39  Missile Turret  
  100  8:41  Siege Tank  
  103  8:49  Medivac x2  
  107  9:01  Sensor Tower  
  107  9:05  Barracks  
  107  9:07  Barracks x2  
  107  9:08  Barracks  
  107  9:09  Barracks  
  107  9:10  Armory  
  107  9:11  Concussive Shells  
  107  9:33  Siege Tank  
  109  10:25  Marine, SCV  
  109  10:26  Marine  
  109  10:44  SCV, Marine  
  109  10:45  Marine x3, Marauder  
  109  10:48  Liberator  
  107  10:53  Planetary Fortress  
  107  10:57  Refinery  
  107  10:59  Refinery  
  107  11:02  Marine  
  107  11:03  Marine, Barracks  
  109  11:04  Barracks  
  109  11:05  Barracks  
  109  11:13  Liberator  
  109  11:14  Siege Tank, Marauder  
  117  11:21  Marine  
  117  11:31  Terran Infantry Weapons Level 2, Terran Infantry Armor Level 2  
  117  11:37  Supply Depot  
  117  11:39  Supply Depot  
  117  11:40  Command Center  
  112  11:55  Marine x4  
  112  11:58  Liberator x2  
  112  11:59  Marauder  
  120  12:01  Siege Tank  
  110  12:12  Marine x2  
  110  12:13  Marine x2  
  105  12:20  Marauder  
  98  12:28  Marine x3  
  101  12:30  Marine  
  96  12:39  Marine  
  96  12:40  Marine x2  
  96  12:41  Marauder  
  101  12:46  Marine x3  
  98  12:58  Orbital Command  
  98  12:59  Viking x2  
  98  13:03  Marauder  
  104  13:08  Missile Turret  
  104  13:09  Missile Turret  
  104  13:18  Missile Turret  
  104  13:20  Marine x3, Missile Turret x2, Barracks Reactor x2  
  104  13:21  Barracks Reactor  
  104  13:23  Combat Shield  
  104  13:24  Marine, Marauder  
  110  13:29  Viking x2  
  110  13:30  Supply Depot  
  110  13:31  Supply Depot  
  114  13:35  Starport  
  114  13:37  Marine x2  
  114  13:38  Marine  
  117  13:41  Marine  
  117  13:46  Marauder  
  120  13:55  Marine x3  
  120  13:59  Viking x2, Marine  
  125  14:06  Marine  
  126  14:13  Marine x3  
  129  14:17  Marine  
  129  14:22  Marine x4  
  129  14:23  Marine x2  
  133  14:25  Marauder  
  133  14:29  Viking x2  
  133  14:31  Marine x3  
  139  14:32  SCV x4  
  139  14:35  Marine  
  147  14:40  Marine x6  
  147  14:44  SCV x3  
  156  14:49  Supply Depot  
  156  14:51  Supply Depot  
  156  14:57  Missile Turret  
  155  15:00  Missile Turret  
Tags
 
Add a new tag
Caveats
  • Supply blocks, unpowered buildings, or Contaminate may cause inaccurate times.
  • Supply counts are checked every 10 seconds.